 Dungeon Crawl Stone Soup version 0.26.1-2-gb8aa6d0 (webtiles) character file.

Game seed: 9783060146245178322

649 Nithhogg the Chopper (level 7, -11/55 HPs)
             Began as a Human Fighter on Mar 30, 2021.
             Was an Initiate of the Shining One.
             Mangled by an ogre
             ... wielding a cursed -3 giant spiked club
              (15 damage)
             ... on level 4 of the Dungeon.
             The game lasted 00:09:00 (4417 turns).

Nithhogg the Chopper (Human Fighter)                Turns: 4417, Time: 00:09:01

Health: -11/55     AC: 13    Str: 19    XL:     7   Next: 83%
Magic:  7/7        EV:  9    Int:  8    God:    the Shining One [......]
Gold:   207        SH:  0    Dex: 12    Spells: 6/6 levels left

rFire    . . .     SeeInvis .   a - +0 war axe
rCold    . . .     Faith    .   (no shield)
rNeg     . . .     Spirit   .   p - +3 chain mail
rPois    .         Reflect  .   (no helmet)
rElec    .         Harm     .   (no cloak)
rCorr    .         Rampage  .   (no gloves)
Will     .....                  j - +0 pair of boots
Stlth    ..........             (no amulet)
HPRegen  0.18/turn              k - ring of wizardry
MPRegen  0.10/turn              (no ring)

@: glowing
A: no striking features
a: Renounce Religion


You were on level 4 of the Dungeon.
You worshipped the Shining One.
The Shining One was noncommittal.
You visited 2 branches of the dungeon, and saw 6 of its levels.

You collected 207 gold pieces.

Inventory:

Hand Weapons
 a - a +0 war axe (weapon)
 x - a +1 flail of protection
Armour
 b - a +0 scale mail
 c - a +0 kite shield
 j - a +0 pair of boots (worn)
 p - a +3 chain mail (worn)
Jewellery
 k - a ring of wizardry (left hand)
Wands
 l - a wand of disintegration (7) (quivered)
Scrolls
 e - 8 scrolls of remove curse {unknown}
 f - a scroll of magic mapping {unknown}
 h - a scroll of identify {unknown}
 m - 2 scrolls of fog {unknown}
 o - a scroll of blinking {unknown}
 r - 2 scrolls of amnesia {unknown}
 v - a scroll of noise {unknown}
Potions
 d - a potion of might
 g - a potion of berserk rage {unknown}
 i - a potion of magic
 n - 2 potions of lignification {unknown}
 q - a potion of brilliance {unknown}
 s - a potion of attraction {unknown}
 t - a potion of degeneration {unknown}
 u - a potion of invisibility
 w - a potion of ambrosia {unknown}


   Skills:
 + Level 4.6 Fighting
 * Level 5.3 Axes
 + Level 4.6 Armour
 + Level 3.3 Dodging
 - Level 3.0 Shields


You had 6 spell levels left.
You didn't know any spells.
Your spell library was empty.

Dungeon Overview and Level Annotations

Branches:
Dungeon (5/15)             Temple (1/1) D:4

Altars:
Ashenzari
Elyvilon
Fedhas
Gozag
Hepliaklqana
Kikubaaqudgha
Makhleb
Nemelex Xobeh
Okawaru
Ru
Uskayaw
Vehumet
Xom
Yredelemnul
Zin
The Shining One


Message History

Aim: an ogre, wielding a -3 giant spiked club (lightly wounded, chance to affect: 65%)
The ogre struggles to resist.
Unknown command.
Aiming: Disintegrate
Press: ? - help, Q - select action Shift-Dir - straight line, f/p - ogre
Aim: an ogre, wielding a -3 giant spiked club (lightly wounded, chance to affect: 65%)
The ogre struggles to resist.
The ogre hits you with a cursed -3 giant spiked club.
You hit the ogre.
The ogre is lightly wounded.
The ogre hits you but does no damage.
Unknown command.
You slash the ogre!
The ogre is heavily wounded.
The ogre hits you with a cursed -3 giant spiked club!!
* * * LOW HITPOINT WARNING * * *
It was a potion of magic.
Magic courses through your body.
You see here a robe.
The ogre hits you with a cursed -3 giant spiked club!
You die...

####.# #..##.# #..#
######....# #..##>#
##.#
..........###..##.###
#.#
####.......##..##...#
#.# #...........####.#
#.# #.......##.## #.#
#.#
#......###.#####.###.#
#.#....###...........#
#.#.###.....O@.......#
#.#.........####.#####
#.#..##.###.# #[#
#.#..##.# #.# #.#
#.#..##.###.## #.#
#.#.....##.#.###.#
#.#..####.###.##.#
#.#......## ##...#
#.#..####.###.####


You could see an ogre.

Vanquished Creatures
  Sigmund (D:3)
  Edmund (D:5)
  The ghost of Bongle the Digger, an amateur GrEE (D:3)
  2 orc wizards (D:4)
  2 iguanas
  A worker ant (D:4)
  A hound skeleton (D:4)
  Robin (D:3)
  7 adders
  A white imp (D:5)
  A worm (D:4)
  2 dart slugs
  3 leopard geckos
  6 orcs (D:4)
  3 giant cockroaches
  13 goblins
  7 hobgoblins
  7 jackals (D:2)
  A quokka (D:5)
  8 bats
  5 frilled lizards
  5 kobolds
  6 rats
  A spectral orc (D:2)
86 creatures vanquished.

Vanquished Creatures (others)
  An orc (D:5)
  A ball python (D:5)
2 creatures vanquished.

Grand Total: 88 creatures vanquished

Notes
Turn   | Place    | Note
-------+----------+-------------------------------------------
     0 | D:1      | Nithhogg the Human Fighter began the quest for the Orb.
     0 | D:1      | Reached XP level 1. HP: 18/18 MP: 1/1
    29 | D:1      | Reached XP level 2. HP: 18/24 MP: 2/2
   776 | D:2      | Reached XP level 3. HP: 28/29 MP: 3/3
   786 | D:2      | Reached skill level 1 in Dodging
  1291 | D:2      | Reached skill level 3 in Axes
  1291 | D:2      | Reached XP level 4. HP: 24/35 MP: 4/4
  1683 | D:2      | Found a shimmering altar of Xom.
  1945 | D:2      | Found a basalt altar of Yredelemnul.
  2099 | D:3      | Noticed Sigmund
  2455 | D:3      | Reached XP level 5. HP: 35/41 MP: 5/5
  2572 | D:3      | Killed Sigmund
  2573 | D:3      | Reached skill level 4 in Axes
  2573 | D:3      | Reached XP level 6. HP: 48/48 MP: 6/6
  2709 | D:3      | Noticed Robin
  2721 | D:3      | Killed Robin
  2980 | D:3      | Found a runed translucent door.
  2981 | D:3      | Noticed Bongle's ghost (amateur GrEE)
  3002 | D:3      | Killed Bongle's ghost
  3040 | D:4      | Reached XP level 7. HP: 48/54 MP: 7/7
  3610 | D:4      | Found a staircase to the Ecumenical Temple.
  3632 | Temple   | Entered the Ecumenical Temple
  3790 | Temple   | Became a worshipper of the Shining One
  3892 | D:4      | Reached skill level 5 in Axes
  4124 | D:5      | Entered Level 5 of the Dungeon
  4179 | D:5      | Noticed Edmund
  4198 | D:5      | Killed Edmund
  4398 | D:4      | HP: 1/55 [ogre/cursed -3 giant spiked club (22)]
  4417 | D:4      | Mangled by an ogre

Illustrated notes

Levels and vault maps discovered:
D:1:      matt_arrival_grand_opening, layout_basic, minmay_door_square
D:2:      layout_loops_ring, yredelemnul_forgotten_temple_becter,
          old_standard_altar, grunt_ministairs_10, minmay_misc_feat_more_columns
D:3:      layout_basic, ebering_ghost_reflecting_pool, uniq_sigmund, uniq_robin
D:4:      layout_loops_ring, minmay_temple_entry_grid
D:5:      layout_loops_ring, xom_confusion_cloud, uniq_edmund
Temple:   eino_temple_water

Skill      XL: |  1  2  3  4  5  6  7 |
---------------+----------------------+-----
Dodging        | 1 2 3 |  3.3
Axes           | 3 4 5 |  5.3
Fighting       | 4 |  4.6
Armour         | 4 |  4.6
Shields        | |  3.0

Action                   |  1- 3 |  4- 6 |  7- 9 || total
-------------------------+-------+-------+-------++-------
Melee: War axe           |    73 |   155 |    72 ||   300
Evoke: Wand              |       |     2 |     6 ||     8
  Use: Potion            |       |       |     1 ||     1
Armor: Scale mail        |    41 |    80 |       ||   121
       Chain mail        |       |    23 |    39 ||    62
Dodge: Dodged            |    48 |    89 |    28 ||   165
